 Dungeon Crawl Stone Soup version 0.29.1-12-g30fa7ad0bf (webtiles) character file.

Game seed: 12528158630690204797

46 Peloso the Covered (level 3, 0/33 HPs)
             Began as a Minotaur Fighter on Dec 22, 2022.
             Killed by divine providence
             ... invoked by an orc priest
              (11 damage)
             ... on level 2 of the Dungeon.
             The game lasted 00:03:08 (1388 turns).

Peloso the Covered (Minotaur Fighter)               Turns: 1388, Time: 00:03:09

Health: 0/33       AC:  7    Str: 26    XL:     3   Next: 46%
Magic:  2/2        EV:  9    Int:  5    God:
Gold:   68         SH:  4    Dex: 11    Spells: 2/2 levels left

rFire   . . .      SeeInvis +   a - +0 long sword
rCold   . . .      Faith    .   c - +0 buckler
rNeg    . . .      Spirit   .   b - +0 scale mail
rPois   .          Reflect  .   (helmet restricted)
rElec   .          Harm     .   (no cloak)
rCorr   .          Rampage  .   (no gloves)
Will    .....                   (no boots)
Stlth   ..........              (no amulet)
HPRegen 0.11/turn               m - +6 ring of strength
MPRegen 0.08/turn               g - ring of see invisible

@: no status effects
A: horns 2, retaliatory headbutt
a: no special abilities


You were on level 2 of the Dungeon.
You visited 1 branch of the dungeon, and saw 2 of its levels.

You collected 68 gold pieces.

Inventory:

Hand Weapons
 a - a +0 long sword (weapon)
Armour
 b - a +0 scale mail (worn)
 c - a +0 buckler (worn)
Jewellery
 g - a ring of see invisible (right hand)
 i - a ring of wizardry
 m - a +6 ring of strength (left hand)
Scrolls
 j - a scroll of teleportation
 k - a scroll of silence {unknown}
 l - a scroll of fear {unknown}
Potions
 d - a potion of might
 f - a potion of mutation {unknown}
 h - a potion of haste {unknown}


   Skills:
 + Level 3.8 Fighting
 + Level 3.2 Long Blades
 + Level 4.3 Armour
 + Level 0.5 Dodging
 + Level 4.1 Shields


You had 2 spell levels left.
You didn't know any spells.
Your spell library was empty.

Dungeon Overview and Level Annotations

Branches:
Dungeon (2/15)

Altars:

Shops:
D:1 (


Innate Abilities, Weirdness & Mutations

You have a pair of horns on your head.
You reflexively headbutt those who attack you in melee.


Message History

The orc closely misses you. You furiously retaliate!
You headbutt the orc!
You kill the orc!
You hit the orc priest but do no damage.
You closely miss the orc wizard. The orc priest barely misses you.
The orc wizard closely misses you.
The orc priest hits you with a +0 short sword.
* * * LOW HITPOINT WARNING * * *
The orc wizard hits you but does no damage.
Unknown command.
You hit the orc priest but do no damage.
Your headbutt misses the orc priest.
The orc priest hits you with a +0 short sword.
* * * LOW HITPOINT WARNING * * *
The orc wizard hits you but does no damage.
Unknown command.
It was a potion of heal wounds.
You feel much better.
The orc priest hits you with a +0 short sword.
The orc wizard casts a spell at you. The magic dart hits you.
Unknown command.
You barely miss the orc priest. You headbutt the orc priest.
The orc priest is lightly wounded.
The orc priest hits you but does no damage.
The orc wizard hits you but does no damage.
You closely miss the orc priest.
The orc wizard shouts!
The orc priest hits you but does no damage.
The orc wizard hits you with a +0 dagger.
The orc priest calls down the wrath of Beogh upon you.
Beogh smites you!
The orc wizard hits you but does no damage.
You barely miss the orc priest.
You headbutt the orc priest, but do no damage.
You block the orc priest's attack. The orc wizard closely misses you.
You furiously retaliate!
You headbutt the orc wizard!
Unknown command.
You hit the orc priest but do no damage.
The orc priest mumbles some strange prayers to Beogh against you.
Beogh smites you!
You die...

...# #.......#
##.########.......#####
#.............(......#
##########.>.....###.#######
#..<....###.......#
#...........#####.#
##.#.#####..# #.#.#......#
#.#.o@###..# #.###o###..##
####### #.# #)#.#....
......######.###.........
#####....†......o.....#...#
########.........)##.##
###.........#.# #........##
##.#......#


You could see an orc priest and 2 orc wizards.

Vanquished Creatures
  An adder (D:2)
  A dart slug (D:1)
  2 orcs (D:2)
  2 bats (D:2)
  2 endoplasms (D:1)
  5 goblins
  4 hobgoblins
  2 jackals (D:2)
  2 quokkas (D:1)
  5 ball pythons
  A frilled lizard (D:1)
  2 kobolds
  A rat (D:2)
30 creatures vanquished.

Notes
Turn   | Place    | Note
-------+----------+-------------------------------------------
     0 | D:1      | Peloso the Minotaur Fighter began the quest for the Orb.
     0 | D:1      | Reached XP level 1. HP: 19/19 MP: 0/0
   415 | D:1      | Reached XP level 2. HP: 27/27 MP: 1/1
   588 | D:1      | Found Wofri's Weapon Shop.
  1075 | D:2      | Reached XP level 3. HP: 33/33 MP: 2/2
  1120 | D:2      | Found a faded altar of an unknown god.
  1388 | D:2      | Killed from afar by an orc priest

Illustrated notes

Levels and vault maps discovered:
D:1:      minmay_arrival_solitary_statue, layout_basic, serial_shops, shop
D:2:      cheibrodos_pilgrimage, layout_loops_ring,
          hellmonk_ecumenical_altar_dog_temple

Skill      XL: |  1  2  3 |
---------------+----------+-----
Armour         | 4 |  4.3
Shields        | 4 |  4.1
Long Blades    | 3 |  3.2
Fighting       | |  3.8
Dodging        | |  0.5

Action                   || total
-------------------------++-------
Melee: Long sword        ||    82
       Headbutt          ||    11
  Use: Scroll            ||     3
       Potion            ||     1
Armor: Scale mail        ||    51
Dodge: Dodged            ||    52
Block: Buckler           ||    26
